 Dungeon Crawl Stone Soup version 0.25-a0-942-g87a5396 (webtiles) character file.

Game seed: 15510077385649664010, levelgen mode: deterministic

418 DrEnzyme the Shooter (level 7, -2/60 HPs)
             Began as a Kobold Wanderer on May 7, 2020.
             Slain by an iguana (7 damage)
             ... on level 4 of the Dungeon.
             The game lasted 00:09:13 (4858 turns).

DrEnzyme the Shooter (Kobold Wanderer)              Turns: 4858, Time: 00:09:14

Health: -2/60      AC: 24    Str: 11    XL:     7   Next: 16%
Magic:  7/7        EV:  3    Int: 13    God:
Gold:   191        SH:  0    Dex: 15    Spells: 5/6 levels left

rFire    . . .     SeeInvis +   a - +1 lajatang
rCold    . . .     Gourm    .   (shield currently unavailable)
rNeg     + + +     Faith    .   (armour currently unavailable)
rPois    +         Spirit   .   (helmet currently unavailable)
rElec    .         Reflect  .   (cloak currently unavailable)
rCorr    .         Harm     .   (gloves currently unavailable)
MR       .....     NoTele   +   (boots currently unavailable)
Stlth    ++........             (no amulet)
HPRegen  0.20/turn              w - +1 ring of protection
MPRegen  0.10/turn              t - ring of see invisible

@: tree-form
A: small, carnivore
a: no special abilities


You were on level 4 of the Dungeon.
You were completely stuffed.
You were a tree.
You visited 1 branch of the dungeon, and saw 5 of its levels.
You also visited: Sewer.

You collected 224 gold pieces.
You spent 33 gold pieces at shops.

Inventory:

Hand Weapons
 a - a +1 lajatang (weapon)
 b - a +2 shortbow
Missiles
 y - 20 poisoned darts (quivered)
 A - 12 arrows
Armour
 e - a +0 robe (melded)
 o - a +0 pair of gloves (melded)
 r - a +0 helmet (melded)
 s - a +2 kite shield
 u - a cursed +0 ring mail
Jewellery
 t - a ring of see invisible (right branch)
 w - a +1 ring of protection (left branch)
 B - an uncursed ring of protection from cold {unknown}
Wands
 c - a wand of polymorph (3)
 v - a wand of iceblast (2)
Scrolls
 g - 2 scrolls of remove curse
 i - 2 scrolls of identify
 l - 2 scrolls of fear {unknown}
 q - a scroll of magic mapping {unknown}
 x - a scroll of blinking {unknown}
Potions
 h - a potion of stabbing {unknown}
 j - a potion of magic {unknown}
 k - a potion of curing
 m - a potion of flight {unknown}
 n - 3 potions of cancellation
 p - a potion of degeneration {unknown}
 z - a potion of haste {unknown}
Comestibles
 f - 11 rations
 C - a chunk of flesh


   Skills:
 - Level 2.1 Fighting
 * Level 0.6 Staves
 + Level 5.9 Bows
 - Level 1.4 Throwing
 - Level 1.2 Armour
 - Level 0.3 Dodging
 - Level 2.6 Stealth
   Level 4.0 Necromancy
 - Level 1.6 Air Magic


You had 5 spell levels left.
You knew the following spells:

 Your Spells              Type           Power        Failure   Level  Hunger
a - Shock                 Conj/Air       #...         22%         1    ##.....

Your spell library contained the following spells:

 Spells                   Type           Power        Failure   Level  Hunger
 Swiftness                Chrm/Air       #.......     34%         2    ###....
 Static Discharge         Conj/Air       #.......     56%         3    ####...
 Airstrike                Air            #.........   85%         4    #####..
 Lightning Bolt           Conj/Air       #.........   99%         5    ######.


Dungeon Overview and Level Annotations

Branches:
Dungeon (5/15)              Sewer (visited)
 Temple: D:4-7

Altars:
Hepliaklqana
Makhleb

Shops:
D:4 =

Annotations:
D:2 exclusion: ice beast


Innate Abilities, Weirdness & Mutations

You are small and have problems with some larger weapons.
You are carnivorous and can eat meat at any time.


Message History

The iguana closely misses you.
You hit the iguana.
The iguana is moderately wounded.
The iguana barely misses you. The iguana bites you!
* * * LOW HITPOINT WARNING * * *
Really quaff the potion of lignification?
You turn into a tree.
Your +0 helmet melds into your body.
Your +0 pair of gloves melds into your body.
Your +0 robe melds into your body.
Your roots penetrate the ground.
The iguana bites you but does no damage.
You hit the iguana.
The iguana is heavily wounded.
The iguana bites you!
* * * LOW HITPOINT WARNING * * *
You hit the iguana.
The iguana is severely wounded.
The iguana bites you!
* * * LOW HITPOINT WARNING * * *
The iguana bites you!
You die...

####### #...... #......
#######..##'#
###########.........#≈≈≈
#....>....#....####.#≈≈≈
#.........#....####.#≈.≈
#.....l♣..#......##.#≈≈≈
#.........#....l....#≈≈≈
#.........#......#..####
#.........#.............
##.........##...#.##..##.
#.................###...#
#)##..#..##..............
#.##.###.##.#.###...#####
##.##.#........##..#.###..


You could see an iguana.

Vanquished Creatures
  Purgy (Sewer)
  A hound (D:4)
  An orc priest (D:3)
  Natasha (thrice) (D:3)
  A worker ant (D:3)
  9 adders
  2 oozes
  2 worms
  3 dart slugs
  4 leopard geckos
  5 orcs
  10 bats
  4 giant cockroaches
  3 goblins
  6 hobgoblins
  2 quokkas (D:4)
  3 frilled lizards
  4 kobolds
  9 rats
73 creatures vanquished.

Notes
Turn   | Place    | Note
-------+----------+-------------------------------------------
     0 | D:1      | DrEnzyme the Kobold Wanderer began the quest for the Orb.
     0 | D:1      | DrEnzyme set off with the following items: a +0 shortbow,
                  | 32 arrows, a potion of lignification, a +0 robe, a ration;
                  | and the following spell memorised: Shock; and the following
                  | spells available to memorise: Swiftness, Static Discharge,
                  | Airstrike, Lightning Bolt
     0 | D:1      | Reached XP level 1. HP: 12/12 MP: 1/1
   221 | D:1      | Reached XP level 2. HP: 16/16 MP: 2/2
   775 | D:2      | Reached XP level 3. HP: 20/20 MP: 3/3
  1233 | D:2      | Found a hazy altar of Hepliaklqana.
  1528 | D:2      | Reached skill level 2 in Bows
  1528 | D:2      | Reached XP level 4. HP: 20/25 MP: 4/4
  1833 | D:2      | Noticed an ice beast
  1967 | D:3      | Found a burning altar of Makhleb.
  2025 | D:3      | Reached skill level 3 in Bows
  2025 | D:3      | Reached XP level 5. HP: 30/30 MP: 5/5
  2367 | D:3      | Noticed Natasha
  2374 | D:3      | Killed Natasha
  2829 | D:3      | Noticed Natasha
  2918 | D:3      | Killed Natasha
  3051 | D:4      | Reached skill level 4 in Bows
  3117 | D:4      | Found Juvarr's Jewellery Emporium.
  3185 | D:4      | Bought a +1 ring of protection for 33 gold pieces
  3208 | D:4      | Reached XP level 6. HP: 28/35 MP: 6/6
  3420 | D:4      | Found a glowing drain.
  3593 | Sewer    | Entered a sewer
  3772 | Sewer    | Noticed Purgy
  3785 | Sewer    | Killed Purgy
  3785 | Sewer    | Reached skill level 5 in Bows
  3998 | D:3      | Reached XP level 7. HP: 10/40 MP: 7/7
  4290 | D:3      | Noticed Natasha
  4300 | D:3      | Killed Natasha
  4841 | D:5      | Entered Level 5 of the Dungeon
  4858 | D:4      | Slain by an iguana

Levels and vault maps discovered:
D:1:      minmay_arrival_doors, layout_basic
D:2:      layout_basic, nicolae_overflow_crystal_walls
D:3:      layout_basic, lemuel_doored_altar, first_ration, uniq_natasha
D:4:      layout_rooms, serial_shops, shop, gup_sewer_entry_glass
D:5:      layout_rooms, amethyst_overflow_temple_binary, serial_shops, shop

Skill      XL: |  1  2  3  4  5  6 |
---------------+-------------------+-----
Stealth        | 2 |  2.6
Bows           | 2 3 4 5 |  5.9
Fighting       | 2 |  2.1
Staves         | |  0.6
Throwing       | |  1.4
Armour         | |  1.2
Dodging        | |  0.3
Necromancy     | |  4.0
Air Magic      | |  1.6

Action                   |  1- 3 |  4- 6 |  7- 9 || total
-------------------------+-------+-------+-------++-------
Melee: Lajatang          |       |       |    18 ||    18
 Fire: Shortbow          |    90 |   147 |       ||   237
Throw: Dart              |       |     8 |     6 ||    14
 Cast: Shock             |     1 |       |       ||     1
Evoke: Wand              |       |     5 |     1 ||     6
  Use: Scroll            |       |     8 |     1 ||     9
       Potion            |       |     2 |     1 ||     3
  Eat: Chunk             |    10 |     7 |     3 ||    20
Armor: Robe              |     1 |    23 |     4 ||    28
       Skin              |       |       |     1 ||     1
Dodge: Dodged            |    20 |    62 |    14 ||    96

Table legend:
 A = Non-vault XP
 B = Vault XP
 C = Vault XP percentage of total XP
 D = Non-vault monster count
 E = Vault monster count
 F = Vault count percentage of total count
                 A         B        C        D         E       F
            +---------+---------+-------+---------+---------+-------
      Total |     383 |     215 |  36.0 |      61 |      12 |  16.4
            +---------+---------+-------+---------+---------+-------
        D:1 |      26 |       0 |   0.0 |      14 |       0 |   0.0
        D:2 |      64 |       0 |   0.0 |      18 |       0 |   0.0
        D:3 |     171 |      35 |  17.0 |      17 |       1 |   5.6
        D:4 |     122 |      43 |  26.1 |      12 |       5 |  29.4
      Sewer |       0 |     137 | 100.0 |       0 |       6 | 100.0
            +---------+---------+-------+---------+---------+-------
